 Dungeon Crawl Stone Soup version 0.31-a0-1267-gfedaa18580 (webtiles) character file.

Game seed: 9421754677733086332

1136 BubbleThief the Purveyor of Pain (level 8, -2/58 HPs)
             Began as a Demonspawn Necromancer on Dec 17, 2023.
             Was an Initiate of Kikubaaqudgha.
             Killed from afar by a white imp (10 damage)
             ... with a puff of frost
             ... on level 6 of the Dungeon.
             The game lasted 00:10:24 (5190 turns).

BubbleThief the Purveyor of Pain (DsNe)             Turns: 5190, Time: 00:10:24

Health: -2/58      AC:  2    Str:  9    XL:     8   Next: 14%
Magic:  3/15       EV: 12    Int: 17    God:    Kikubaaqudgha [......]
Gold:   223        SH:  0    Dex: 20    Spells: 9/17 levels left

rFire   . . .        q - +0 dagger (venom)
rCold   . . .        (no shield)
rNeg    . . .        a - +0 robe
rPois   .            (helmet unavailable)
rElec   .            (no cloak)
rCorr   .            (no gloves)
SInv    +            (no boots)
Will    .....        u - amulet of the acrobat
Stlth   ++           k - +6 ring of dexterity
HPRegen 0.29/turn    (no ring)
MPRegen 0.14/turn

%: acrobat
@: animating dead
A: antennae 3, ignite blood 1, spiny 2
a: Renounce Religion


You were on level 6 of the Dungeon.
You worshipped Kikubaaqudgha.
Kikubaaqudgha was noncommittal.
You visited 2 branches of the dungeon, and saw 7 of its levels.

You collected 223 gold pieces.

Inventory:

Hand Weapons
 q - a +0 dagger of venom (weapon)
Armour
 a - a +0 robe (worn)
Jewellery
 k - a +6 ring of dexterity (left hand)
 u - an amulet of the acrobat (around neck)
Scrolls
 c - 7 scrolls of identify {unknown}
 d - 3 scrolls of fear {unknown}
 e - a scroll of torment {unknown}
 g - a scroll of fog {unknown}
 h - 3 scrolls of vulnerability {unknown}
 i - a scroll of immolation {unknown}
 l - 2 scrolls of teleportation {unknown}
 m - a scroll of enchant armour {unknown}
 n - a scroll of blinking {unknown}
 t - a scroll of silence {unknown}
Potions
 b - a potion of magic
 f - 2 potions of degeneration {unknown}
 j - 2 potions of heal wounds {unknown}
 o - a potion of haste {unknown}
 p - a potion of attraction {unknown}
 r - a potion of curing {unknown}
 s - 2 potions of might {unknown}
 v - a potion of enlightenment {unknown}


   Skills:
 + Level 3.2 Fighting
 - Level 1.7 Dodging
 - Level 1.7 Stealth
 + Level 5.1 Spellcasting
 * Level 9.2 Necromancy


You had 9 spell levels left.
You knew the following spells:

 Your Spells              Type           Power      Damage    Failure   Level
a - Necrotise             Necr           100%       1d9       1%          1
b - Vampiric Draining     Necr           35%        2d8       1%          3
c - Animate Dead          Necr           35%        N/A       3%          4

Your spell library contained the following spells:

 Spells                   Type           Power      Damage    Failure   Level
 Agony                    Necr           35%        N/A       9%          5
 Magic Dart               Conj           16%        1d3       14%         1
 Blink                    Tloc           8%         N/A       22%         2
 Call Imp                 Summ           8%         N/A       22%         2
 Lesser Beckoning         Tloc           8%         N/A       22%         2
 Momentum Strike          Conj/Tloc      8%         3d8       22%         2
 Call Canine Familiar     Summ           4%         N/A       38%         3
 Gell's Gravitas          Tloc           4%         N/A       38%         3
 Mephitic Cloud           Conj/Pois/Air  4%         N/A       38%         3
 Sigil of Binding         Hex            4%         N/A       38%         3
 Teleport Other           Tloc           4%         N/A       38%         3
 Brom's Barrelling Bould  Conj/Erth      4%         2d3       80%         4
 Dimensional Bullseye     Hex/Tloc       2%         N/A       80%         4
 Fireball                 Conj/Fire      2%         3d4       98%         5
 Iskenderun's Battlesphe  Conj           4%         2d6       98%         5
 Conjure Ball Lightning   Conj/Air       2%         3x3d6     100%        6
 Dispersal                Tloc           2%         N/A       100%        6
 Orb of Destruction       Conj           2%         9d5       100%        7


Dungeon Overview and Level Annotations

Branches:
Dungeon (6/15)             Temple (1/1) D:5

Altars:
Fedhas
Hepliaklqana
Kikubaaqudgha
Okawaru
Trog
Uskayaw
Vehumet
Wu Jian
Xom
Yredelemnul


Innate Abilities, Weirdness & Mutations

You have a pair of large antennae on your head. (SInv)
Your demonic aura sometimes causes spilled blood to erupt in flames.
You are mostly covered in sharp spines.


Message History

Unknown command.
You hit the ice beast.
The ice beast is poisoned.
The ice beast is almost dead.
You kill the ice beast!
Kikubaaqudgha accepts your kill.
The dead are walking!
You hit the white imp but do no damage.
The white imp laughs crazily.
The white imp hits you.
* * * LOW HITPOINT WARNING * * *
The white imp freezes you.
* * * LOW HITPOINT WARNING * * *
Unknown command.
Okay, then.
You hit the white imp.
The white imp is moderately wounded.
The white imp gestures at you. The puff of frost misses you.
Unknown command.
You barely miss the white imp.
The white imp is moderately wounded.
Your ice beast zombie closely misses the white imp.
The white imp misses you.
Unknown command.
You closely miss the white imp.
The white imp is moderately wounded.
Your ice beast zombie hits the white imp but does no damage.
The white imp barely misses you.
Unknown command.
You hit the white imp.
The white imp is severely wounded.
The white imp closely misses you.
Your ice beast zombie hits the white imp.
Unknown command.
You hit the white imp.
The white imp is almost dead.
The white imp gestures at you. The puff of frost hits you!
You die...
Kikubaaqudgha rasps: "You have failed me!
Welcome... death!"

#########
#####..(....#
#.....#######
#.....##### #####
#.........#.....#
#........@5Z..?.+
#.........#.....#
#####.....# ....#
#.....# ...# #
#.....#########
###.#..>...........
#.........###.....#
#..........# ....#
#.##.#....### ...#


You could see a white imp (ally target) and a friendly ice beast zombie.

Vanquished Creatures
  An ice beast (D:6)
  A centaur (D:6)
  2 phantoms (D:5)
  A bullfrog (D:6)
  3 scorpions
  A howler monkey (D:5)
  A jelly (D:5)
  2 orc priests (D:4)
  4 hounds (D:5)
  A sleepcap (D:4)
  4 orc wizards
  4 gnolls (D:5)
  3 adders
  2 ufetubi (D:5)
  A worm (D:2)
  A dart slug (D:4)
  18 orcs
  6 ball pythons
  7 bats
  6 endoplasms
  A giant cockroach (D:4)
  8 hobgoblins
  8 jackals
  3 quokkas
  4 frilled lizards
  5 goblins
  7 kobolds
  9 rats
114 creatures vanquished.

Vanquished Creatures (collateral kills)
  An endoplasm (D:3)
  A goblin (D:2)
  2 kobolds
4 creatures vanquished.

Grand Total: 118 creatures vanquished

Notes
Turn   | Place    | Note
-------+----------+-------------------------------------------
     0 | D:1      | BubbleThief the Demonspawn Necromancer began the quest for
                  | the Orb.
     0 | D:1      | Reached XP level 1. HP: 13/13 MP: 3/3
   191 | D:1      | Gained mutation: You have a pair of small antennae on your
                  | head. [demonic ancestry]
   191 | D:1      | Reached XP level 2. HP: 8/19 MP: 0/5
   532 | D:1      | Reached skill level 5 in Necromancy
   755 | D:1      | You fall into a shaft and drop 1 floor!
   963 | D:2      | Gained mutation: You have a pair of antennae on your head.
                  | [demonic ancestry]
   963 | D:2      | Reached XP level 3. HP: 24/24 MP: 0/6
  1878 | D:1      | Gained mutation: You are partially covered in sharp spines.
                  | [demonic ancestry]
  1878 | D:1      | Reached XP level 4. HP: 30/30 MP: 6/8
  2520 | D:3      | Found a faded altar of an unknown god.
  2739 | D:3      | Found a radiant altar of Vehumet.
  2776 | D:4      | Reached skill level 6 in Necromancy
  2780 | D:4      | Learned a level 3 spell: Vampiric Draining
  2785 | D:4      | Learned a level 4 spell: Animate Dead
  2900 | D:4      | Gained mutation: You are mostly covered in sharp spines.
                  | [demonic ancestry]
  2900 | D:4      | Reached XP level 5. HP: 20/35 MP: 3/9
  3573 | D:4      | Reached skill level 7 in Necromancy
  3573 | D:4      | Gained mutation: Your demonic aura sometimes causes spilled
                  | blood to erupt in flames. [demonic ancestry]
  3573 | D:4      | Reached XP level 6. HP: 31/41 MP: 3/11
  3695 | D:4      | Found an iron altar of Okawaru.
  3721 | D:5      | Entered Level 5 of the Dungeon
  4028 | D:5      | Found a staircase to the Ecumenical Temple.
  4037 | Temple   | Entered the Ecumenical Temple
  4048 | Temple   | Became a worshipper of Kikubaaqudgha
  4096 | D:5      | Reached skill level 1 in Fighting
  4135 | D:5      | Reached XP level 7. HP: 38/48 MP: 13/13
  4224 | D:5      | Reached skill level 8 in Necromancy
  5086 | D:6      | Reached skill level 9 in Necromancy
  5086 | D:6      | Gained mutation: You have a pair of large antennae on your
                  | head. (SInv) [demonic ancestry]
  5086 | D:6      | Reached XP level 8. HP: 47/58 MP: 12/15
  5179 | D:6      | Reached skill level 5 in Spellcasting
  5190 | D:6      | Killed from afar by a white imp

Illustrated notes

Levels and vault maps discovered:
D:1:      wander_arrival_abandoned_jail, layout_loops_ring
D:2:      layout_loops_ring
D:3:      layout_basic, vehumet_crystals,
          hellmonk_ecumenical_altar_heavens_door,
          nicolae_concentric_dashed_squares_wild
D:4:      layout_basic, gammafunk_temple_overflow_claw
D:5:      layout_loops_ring, minmay_temple_entry_fiery, kennysheep_small_square
D:6:      layout_basic, nicolae_qazlal_eye_of_the_storm, ebering_ghost_sewer_d
Temple:   nicolae_temple_bog_church

Skill      XL: |  1  2  3  4  5  6  7  8 |
---------------+-------------------------+-----
Necromancy     | 5 6 7 9 |  9.2
Spellcasting   | 3 4 5 |  5.1
Fighting       | 1 3 |  3.2
Dodging        | |  1.7
Stealth        | |  1.7

Action                     |  1- 3 |  4- 6 |  7- 9 || total
---------------------------+-------+-------+-------++-------
  Melee: Unarmed           |     6 |       |       ||     6
         Short sword       |     4 |       |       ||     4
         Dagger            |       |    15 |    28 ||    43
   Cast: Necrotise         |    84 |   103 |    43 ||   230
         Vampiric Draining |       |       |     4 ||     4
         Animate Dead      |       |       |     1 ||     1
 Armour: Robe              |    18 |    16 |    30 ||    64
  Dodge: Dodged            |    18 |    25 |    22 ||    65

Table legend: (Time is in decaauts)
 A = Elapsed time spent in this place.
 B = Non-inter-level travel time spent in this place.
 C = Inter-level travel time spent in this place.
 D = Time resting spent in this place.
 E = Time spent auto-exploring this place.
 F = Levels seen in this place.
 G = Mean time per level.
                   A        B        C        D        E       F      G
               +--------+--------+--------+--------+--------+-----+--------+
         Total |   5189 |   5048 |    141 |    194 |   4017 |   7 |  741.3 |
       Dungeon |   5166 |   5035 |    131 |    194 |   4017 |   6 |  861.0 |
        Temple |     22 |     12 |     10 |      0 |      0 |   1 |   22.0 |
               +--------+--------+--------+--------+--------+-----+--------+

Top non-repeatable levels by time:
     D:5: 1223 daAuts
     D:1: 1203 daAuts
     D:4: 1038 daAuts
     D:2: 930 daAuts
     D:3: 634 daAuts
     D:6: 135 daAuts
  Temple: 22 daAuts
